AoeStats
← MeLoveXbox

Arabian Desert

509113863Analyzed
1v1 RM · 8d ago on Sep 25, 2026· 44m 39s· 2 players
Game mode
Random Map
Map size
Tiny (2 player)
Population
200
Speed
Normal
Resources
Standard
Victory
Conquest
Starting age
Dark Age
Ending age
Imperial Age
RankedLock teamsTeams togetherTeam positionsShared explorationLock speedFull tech treeHidden civsTurbo modeCheats
Victory
Defeat
🇺🇸 Ethiopians · United States
2142
+11
🇯🇵 Goths · Japan
2025
-11
MeLoveXbox
4:52 Loom
6:36 Loom
9:17 Feudal Age
9:19 Man-at-Arms
10:27 Double-Bit Axe
12:19 Fletching
15:43 Padded Archer Armor
16:21 Town Watch
22:51 Castle Age
21:07 Stone Mining
21:07 Horse Collar
21:36 Gold Mining
24:07 Scale Mail Armor
24:08 Squires
25:09 Chain Mail Armor
25:07 Bow Saw
25:40 Forging
32:02 Arson
32:57 Wheelbarrow
35:39 Gold Shaft Mining
38:49 Imperial Age
36:54 Bodkin Arrow
38:10 Leather Archer Armor
37:48 Crossbowman
39:36 Ballistics
39:37 Bracer
43:33 Chemistry
43:32 Ring Archer Armor
43:35 Plate Mail Armor
43:52 Conscription
45:42 Iron Casting
tomyam
6:28 Loom
8:51 Feudal Age
8:55 Man-at-Arms
14:14 Fletching
16:14 Scale Mail Armor
17:20 Forging
22:30 Castle Age
20:43 Horse Collar
23:06 Bodkin Arrow
22:33 Long Swordsman
23:14 Squires
24:07 Long Swordsman
25:45 Chain Mail Armor
26:06 Iron Casting
29:55 Wheelbarrow
33:50 Padded Archer Armor
34:56 Ballistics
36:35 Bloodlines
41:49 Imperial Age
41:20 Leather Archer Armor
41:07 Husbandry
41:39 Anarchy
41:57 Two-Handed Swordsman
43:42 Blast Furnace
Connection lost

Rejoining the realm…

Still unreachable

The connection could not be restored.

Session expired

The server has moved on; the page needs a fresh start.